 Dungeon Crawl Stone Soup version 0.29.0-4-gdea44cf6ec (webtiles) character file.

Game seed: 1949054503522037156

52 qw the Chopper (level 3, -1/21 HPs)
             Began as a Tengu Warper on Aug 28, 2022.
             Killed from afar by Natasha (6 damage)
             ... with a magic dart
             ... on level 3 of the Dungeon.
             The game lasted 00:00:11 (2634 turns).

qw the Chopper (Tengu Warper)                       Turns: 2634, Time: 00:00:12

Health: -1/21      AC:  8    Str: 10 (12) XL:     3   Next: 85%
Magic:  6/6        EV:  6    Int: 17      God:
Gold:   148        SH:  0    Dex: 11 (12) Spells: 6/6 levels left

rFire   . . .      SeeInvis .   Y - +3 hand axe
rCold   . . .      Faith    .   (no shield)
rNeg    . . .      Spirit   .   i - +0 chain mail
rPois   .          Reflect  .   (helmet restricted)
rElec   .          Harm     .   (no cloak)
rCorr   .          Rampage  .   (no gloves)
Will    .....      Rnd*Tele +   (boots unavailable)
Stlth   ..........              (no amulet)
HPRegen 0.07/turn               (no ring)
MPRegen 0.10/turn               (no ring)

@: slowed, very slow
A: beak, talons 3, clever 1, low MP 1, teleportitis 1, sturdy frame 1
a: no special abilities


You were on level 3 of the Dungeon.
You visited 1 branch of the dungeon, and saw 3 of its levels.

You collected 148 gold pieces.


Innate Abilities, Weirdness & Mutations

You have a beak for a mouth.
You have claws for feet.
Your mind is acute. (Int +4, Str/Dex -1)
Your magical capacity is low. (-10% MP)
You are occasionally teleported next to monsters.
Your movements are slightly less encumbered by armour. (ER -2)


   Skills:
 - Level 2.0 Fighting
 + Level 4.4 Axes
 - Level 1.0 Throwing
 - Level 1.1 Armour
 - Level 2.1 Dodging
 - Level 2.0 Spellcasting
 - Level 2.4 Translocations


You had 6 spell levels left.
You didn't know any spells.
Your spell library contained the following spells:

 Spells                   Type           Power      Damage    Failure   Level
 Blink                    Tloc           18%        N/A       96%         2
 Gell's Gravitas          Tloc           9%         N/A       99%         3
 Lesser Beckoning         Tloc           9%         N/A       99%         3
 Teleport Other           Tloc           9%         N/A       99%         3
 Manifold Assault         Tloc           9%         N/A       100%        5

Inventory:

Hand Weapons
 g - a +0 club
 Y - a +3 hand axe (weapon)
Armour
 i - a +0 chain mail (worn)
Scrolls
 b - a scroll of identify
Potions
 h - a potion of might
 j - a potion of heal wounds
 l - a potion of curing {unknown}
 m - a potion of flight {unknown}

Dungeon Overview and Level Annotations

Branches:
Dungeon (3/15)

Altars:

Annotations:
D:3 Natasha


Message History

You feel a little less mighty now.
There is an open door here.
There is a stone staircase leading down here.
You climb downwards.
There is a stone staircase leading up here.
Existing waypoints: (1) D:2 (2) D:1 Assign waypoint to what number? (0-9, D - delete waypoint) Waypoint 2 re-assigned from D:1 to D:3.
A hobgoblin comes into view.
The hobgoblin shouts!
You hear an angry hiss.
Natasha, Servant of Life and Death comes into view.
Natasha casts a spell at you.
The magic dart hits you but does no damage.
The hobgoblin hits you but does no damage.
You slash the hobgoblin!
You kill the hobgoblin!
Natasha claws you but does no damage.
You barely miss Natasha. You claw Natasha. Your peck misses Natasha.
Natasha is lightly wounded.
Natasha stares at you and mumbles some strange words.
You feel yourself slow down.
You barely miss Natasha. You claw Natasha, but do no damage.
Natasha is lightly wounded.
Natasha claws you. x2
You completely miss Natasha.
Natasha is lightly wounded.
Natasha barely misses you.
You hit Natasha. Your peck misses Natasha.
Natasha is moderately wounded.
Natasha claws you. Natasha completely misses you.
You hit Natasha. You claw Natasha, but do no damage. Your peck misses Natasha.
Natasha is heavily wounded.
Natasha claws you!
You hit Natasha. Your kick misses Natasha. You peck Natasha.
Natasha is almost dead.
Natasha claws you.
Natasha stares at you and mumbles some strange words.
The magic dart hits you.
You die...

########..##
#.........8
#.........#
#.........#
#.........##
#.........8#
#....h....#
#....@....#
#.....%...#
##.###....8#
#.# #...##
#.# ...# #.#
#### #.# #.#
#.#


You could see Natasha.

Vanquished Creatures
  An adder (D:2)
  A dart slug (D:2)
  6 bats
  4 endoplasms
  2 giant cockroaches
  3 goblins (D:2)
  5 hobgoblins
  2 kobolds
  3 quokkas (D:1)
  5 ball pythons
  2 frilled lizards (D:2)
  3 rats
37 creatures vanquished.

Notes
Turn   | Place    | Note
-------+----------+-------------------------------------------
     0 | D:1      | qw the Tengu Warper began the quest for the Orb.
     0 | D:1      | Reached XP level 1. HP: 12/12 MP: 4/4
     0 | D:1      | 0 ||| qw: Version: 0.1-a-89-g26bdef1
     0 | D:1      | 0 ||| qw: Game counter: 2116
     0 | D:1      | 0 ||| qw: Always use a shield: true
     0 | D:1      | 0 ||| qw: God list: Okawaru
     0 | D:1      | 0 ||| qw: Allow faded altars: false
     0 | D:1      | 0 ||| qw: Do Orc after D:15 true
     0 | D:1      | 0 ||| qw: Do second Lair branch before Depths: true
     0 | D:1      | 0 ||| qw: Lair rune preference: random
     0 | D:1      | 0 ||| qw: Plans: Normal
     0 | D:1      | 0 ||| PLANNING D:1-11
   479 | D:1      | Reached skill level 3 in Axes
   479 | D:1      | Reached XP level 2. HP: 13/17 MP: 6/6
  1187 | D:1      | 1187 ||| UPGRADING to +0 ring mail.
  1197 | D:1      | 1197 ||| DROPPING +0 leather armour.
  1198 | D:1      | 1198 ||| DROPPING ring of wizardry.
  1199 | D:1      | 1199 ||| READING 2 scrolls labelled ASISOF SOANAFOA.
  1200 | D:1      | 1200 ||| READING 3 scrolls labelled KURUQA GUNUODD.
  1201 | D:1      | 1201 ||| READING 2 scrolls of enchant weapon.
  1201 | D:1      | 1201 ||| ENCHANTING +1 hand axe.
  1202 | D:1      | 1202 ||| READING scroll of enchant weapon.
  1202 | D:1      | 1202 ||| ENCHANTING +2 hand axe.
  1203 | D:1      | 1203 ||| DRINKING 2 brown potions.
  1203 | D:1      | Gained mutation: You sometimes lose your temper in combat.
                  | [potion of mutation]
  1203 | D:1      | Gained mutation: You are agile. (Dex +4, Str/Int -1)
                  | [potion of mutation]
  1204 | D:1      | 1204 ||| DRINKING potion of mutation.
  1204 | D:1      | Lost mutation: You are agile. (Dex +4, Str/Int -1) [potion
                  | of mutation]
  1204 | D:1      | Lost mutation: You sometimes lose your temper in combat.
                  | [potion of mutation]
  1204 | D:1      | Gained mutation: You have hidden genetic defects. [potion
                  | of mutation]
  1204 | D:1      | Gained mutation: Your movements are slightly less
                  | encumbered by armour. (ER -2) [potion of mutation]
  1204 | D:1      | Gained mutation: Your mind is acute. (Int +4, Str/Dex -1)
                  | [potion of mutation]
  1205 | D:1      | 1205 ||| DRINKING 2 bubbling clear potions.
  1206 | D:1      | 1206 ||| DROPPING scroll of immolation.
  1207 | D:1      | 1207 ||| DROPPING scroll of blinking.
  1208 | D:1      | 1208 ||| DROPPING potion of degeneration.
  1471 | D:2      | Gained mutation: Your magical capacity is low. (-10% MP)
                  | [hidden defects]
  1474 | D:2      | Reached XP level 3. HP: 10/21 MP: 6/6
  1693 | D:2      | Gained mutation: You are occasionally teleported next to
                  | monsters. [hidden defects]
  1693 | D:2      | Lost mutation: You have hidden genetic defects. [hidden
                  | defects expressed]
  1843 | D:2      | 1843 ||| Stepping ~*~*~tactically~*~*~ (stealth).
  1844 | D:2      | 1844 ||| Stepping ~*~*~tactically~*~*~ (stealth).
  1847 | D:2      | Reached skill level 4 in Axes
  1953 | D:2      | 1953 ||| Stepping ~*~*~tactically~*~*~ (hiding).
  2524 | D:2      | 2524 ||| UPGRADING to +0 chain mail.
  2534 | D:2      | 2534 ||| DROPPING +0 ring mail.
  2535 | D:2      | 2535 ||| READING scroll labelled ILUNGO KYNAOGIHA.
  2536 | D:2      | 2536 ||| READING 4 scrolls labelled HELULO GIRE.
  2537 | D:2      | 2537 ||| READING scroll labelled HUEKEI LUZOSH.
  2541 | D:2      | 2541 ||| READING scroll labelled ZIWKYKHE PIMIM.
  2542 | D:2      | 2542 ||| READING scroll labelled VEOLEOQOHA.
  2543 | D:2      | 2543 ||| DRINKING 2 coppery potions.
  2544 | D:2      | 2544 ||| READING 3 scrolls of identify.
  2544 | D:2      | 2544 ||| IDENTIFYING golden potion
  2545 | D:2      | 2545 ||| READING 2 scrolls of identify.
  2545 | D:2      | 2545 ||| IDENTIFYING metallic silvery potion
  2546 | D:2      | 2546 ||| DROPPING potion of attraction.
  2623 | D:3      | Noticed Natasha
  2634 | D:3      | HP: 5/21 [Natasha (2)]
  2634 | D:3      | Killed from afar by Natasha

Levels and vault maps discovered:
D:1:      nicolae_arrival_washed_ashore, layout_rooms
D:2:      minmay_recursive_quarters, layout_loops_corners, minmay_door_square
D:3:      layout_basic, serial_corexii_hall, chequers_hall_statues_corner_a,
          chequers_hall_statues_wall_a, uniq_robin, uniq_grinder, uniq_natasha,
          uniq_ijyb, uniq_crazy_yiuf_cottage

Skill      XL: |  1  2  3 |
---------------+----------+-----
Axes           | 3 4 |  4.4
Fighting       | |  2.0
Throwing       | |  1.0
Armour         | |  1.1
Dodging        | |  2.1
Spellcasting   | |  2.0
Translocations | |  2.4

Action                   || total
-------------------------++-------
Melee: Hand axe          ||    90
       Kick              ||    13
       Peck              ||    11
       Punch             ||     1
Throw: Boomerang         ||     7
  Use: Scroll            ||    11
       Potion            ||     4
Armor: Leather armour    ||     9
       Ring mail         ||    16
       Chain mail        ||     3
Dodge: Dodged            ||    46

Table legend:
 A = Non-vault XP
 B = Vault XP
 C = Vault XP percentage of total XP
 D = Non-vault monster count
 E = Vault monster count
 F = Vault count percentage of total count
                 A         B        C        D         E       F
            +---------+---------+-------+---------+---------+-------
      Total |      62 |      13 |  17.3 |      29 |       8 |  21.6
            +---------+---------+-------+---------+---------+-------
        D:1 |      26 |       0 |   0.0 |      15 |       0 |   0.0
        D:2 |      34 |      13 |  27.7 |      13 |       8 |  38.1
        D:3 |       2 |       0 |   0.0 |       1 |       0 |   0.0
            +---------+---------+-------+---------+---------+-------
